 Dungeon Crawl Stone Soup version 0.18.1-8-gdd0e5ea (webtiles) character file.

203 santipi the Stinger (level 5, 0/39 HPs)
             Began as a Draconian Venom Mage on June 9, 2016.
             Slain by a scorpion (1 damage)
             ... on level 4 of the Dungeon.
             The game lasted 00:16:12 (3397 turns).

santipi the Stinger (Draconian Venom Mage)          Turns: 3397, Time: 00:16:13

Health: 0/39       AC:  5    Str: 10    XL:     5   Next: 51%
Magic:  5/8        EV: 13    Int: 16    God:
Gold:   149        SH:  0    Dex: 12    Spells: 2 memorised, 2 levels left

rFire  . . .     SeeInvis .     e - +0 short sword
rCold  . . .     Gourm    .     (armour unavailable)
rNeg   . . .     Faith    .     (no shield)
rPois  .         Spirit   .     (helmet restricted)
rElec  .         Dismiss  .     (no cloak)
rCorr  .         Reflect  .     (no gloves)
SustAt .         Harm     .     (no boots)
MR     .....                    (no amulet)
Stlth  +++.......               (no ring)
                                q - ring of stealth

@: lethally poisoned (0 -> -10), hasted, very quick, not resistant to hostile
enchantments, fairly stealthy
A: unfitting armour, cold-blooded, AC +5
a: no special abilities


You were on level 4 of the Dungeon.
You were not hungry.

You visited 1 branch of the dungeon, and saw 4 of its levels.

You collected 149 gold pieces.

Inventory:

Hand Weapons
 e - a +0 short sword (weapon)
Jewellery
 q - a ring of stealth (left hand)
Scrolls
 i - 3 scrolls of amnesia
 n - 2 scrolls of identify
 u - 3 scrolls of blinking
Potions
 g - 3 potions of curing {unknown}
 k - a potion of degeneration {unknown}
 l - a potion of cure mutation {unknown}
 m - a potion of brilliance {unknown}
 o - 2 potions of resistance {unknown}
Books
 a - a Young Poisoner's Handbook

   Spells                             Type                      Level
   a - Sting                          Conjuration/Poison           1
   b - Cure Poison                    Poison                       2
   c - Mephitic Cloud                 Conjuration/Poison/Air       3
   d - Olgreb's Toxic Radiance        Poison                       4
   e - Venom Bolt                     Conjuration/Poison           5
 h - a book of Conjurations

   Spells                             Type                      Level
   a - Magic Dart                     Conjuration                  1
   b - Searing Ray                    Conjuration                  2
   c - Dazzling Spray                 Conjuration/Hexes            3
   d - Fulminant Prism                Conjuration/Hexes            4
   e - Iskenderun's Mystic Blast      Conjuration                  4
   f - Iskenderun's Battlesphere      Conjuration/Charms           5
Comestibles
 b - 2 bread rations
 f - 2 fruits
 j - 2 meat rations


   Skills:
 + Level 0.9 Fighting
 + Level 0.6 Short Blades
 + Level 3.4 Dodging
 + Level 2.5 Stealth
 + Level 2.5 Spellcasting
 + Level 1.0 Conjurations
 + Level 0.4 Air Magic
 + Level 4.8 Poison Magic


You had 2 spell levels left.
You knew the following spells:

 Your Spells              Type           Power        Failure   Level  Hunger
b - Mephitic Cloud        Conj/Pois/Air  #.......     28%         3    ###....
c - Olgreb's Toxic Radia  Pois           ###.....     34%         4    #####..


Dungeon Overview and Level Annotations

Branches:
Dungeon (4/15)
 Temple: D:4-7

Altars:
Elyvilon


Innate Abilities, Weirdness & Mutations

Your plain brown scales are hard (AC +5).
Your body does not fit into most forms of armour.
You are cold-blooded and may be slowed by cold attacks.


Message History

* * * LOW HITPOINT WARNING * * *
You closely miss the scorpion.
You tail-slap the scorpion, but do no damage.
The scorpion is almost dead.
The scorpion stings you.
* * * LOW HITPOINT WARNING * * *
You are lethally poisoned!
The scorpion poisons you!
Drink which item? (? for menu, Esc to quit)
It was a potion of cancellation.
Your magical contamination has completely faded away.
You feel magically purged.
* * * LOW HITPOINT WARNING * * *
You feel sick. The scorpion stings you.
* * * LOW HITPOINT WARNING * * *
Drink which item? (? for menu, Esc to quit)
It was a potion of haste.
You feel yourself speed up.
* * * LOW HITPOINT WARNING * * *
You feel sick. The scorpion stings you.
You die...

#### #.. #.#
####.#####.#.#
#.....[.!....#
#<##.##.##.###
#.##.# .#
#.##.. h.
#@##.##.##
#s##...<.
#..<....#
##...##.. .#.#
.#... .# ###
.# .#


You could see a scorpion.

Vanquished Creatures
  A howler monkey (D:4)
  Terence (D:3)
  6 adders
  An adder skeleton (D:4)
  2 dart slugs
  A giant gecko (D:1)
  8 orcs
  2 ball pythons
  5 giant cockroaches
  4 goblins
  4 hobgoblins
  13 jackals
  5 kobolds
  A quokka (D:4)
  7 bats
  3 giant newts (D:2)
  3 rats
67 creatures vanquished.

Vanquished Creatures (others)
  A giant cockroach (D:3)
  A plant (D:2)
2 creatures vanquished.

Grand Total: 69 creatures vanquished

Notes
Turn   | Place    | Note
--------------------------------------------------------------
     0 | D:1      | santipi the Draconian Venom Mage began the quest for the Orb.
     0 | D:1      | Reached XP level 1. HP: 14/14 MP: 3/3
   305 | D:1      | Reached XP level 2. HP: 14/20 MP: 3/5
  1215 | D:2      | Reached XP level 3. HP: 26/26 MP: 2/6
  1253 | D:2      | Found a faded altar to an unknown god.
  1483 | D:2      | Learned a level 3 spell: Mephitic Cloud
  2045 | D:3      | Reached XP level 4. HP: 7/34 MP: 5/7
  2121 | D:3      | Noticed Terence
  2153 | D:3      | Killed Terence
  2513 | D:3      | Reached skill level 1 in Conjurations
  2513 | D:3      | Reached XP level 5. HP: 17/39 MP: 3/8
  2535 | D:3      | Learned a level 4 spell: Olgreb's Toxic Radiance
  3117 | D:3      | Found a white marble altar of Elyvilon.
  3397 | D:4      | HP: 1/39 [poisoned by a scorpion]
  3397 | D:4      | Slain by a scorpion

Skill      XL: |  1  2  3  4 |
---------------+-------------+-----
Dodging        | 2 3 |  3.4
Stealth        | 2 |  2.5
Conjurations   | 1 |  1.0
Fighting       | |  0.9
Short Blades   | |  0.6
Spellcasting   | |  2.5
Air Magic      | |  0.4
Poison Magic   | |  4.8

Action                   |  1- 3 |  4- 6 || total
-------------------------+-------+-------++-------
Melee: Unarmed           |    16 |       ||    16
       Tailslap          |     9 |    15 ||    24
       Short sword       |   117 |   133 ||   250
 Cast: Sting             |    21 |    15 ||    36
       Mephitic Cloud    |     4 |     4 ||     8
       Olgreb's Toxic Ra |       |     1 ||     1
  Use: Scroll            |       |     6 ||     6
       Potion            |       |     2 ||     2
 Stab: Sleeping          |     2 |       ||     2
       Confused          |       |     3 ||     3
  Eat: Fruit             |     1 |       ||     1
       Chunk             |     4 |     4 ||     8
       Royal jelly       |       |     1 ||     1
Armor: Skin              |    54 |    43 ||    97
Dodge: Dodged            |   114 |   109 ||   223
